[Event "POR-ch Amateur 2018"]
[Site "Braga"]
[Date "2018.09.08"]
[Round "3"]
[White "Guimaraes, Henrique"]
[Black "De Souza, Paulo H  Pinheiro"]
[Result "0-1"]
[ECO "C53"]
[WhiteElo "1135"]
[BlackElo "1619"]
[PlyCount "48"]
[EventDate "2018.09.02"]
[EventType "tourn"]
[EventCountry "POR"]
[TimeControl "40/5400+30:1800+30"]

1. e4 e5 2. Nf3 Nc6 3. Bc4 Bc5 4. c3 d6 5. d4 exd4 6. cxd4 Bb4+ 7. Bd2 Bxd2+ 8. Nbxd2 Qf6 9. Bb5 Nge7 10. Qc2 O-O 11. d5 Nd4 12. Nxd4 Qxd4 13. O-O-O c6 14. Nb3 Qb6 15. Bc4 Bd7 16. Kb1 Rac8 17. Qe2 cxd5 18. Bxd5 Nxd5 19. exd5 Bf5+ 20. Ka1 Bc2 21. Rdf1 Bxb3 22. axb3 Qxb3 23. Rd1 Rc2 24. Rd2 Qxb2# 0-1

[Event "POR-ch Amateur 2018"]
[Site "Braga"]
[Date "2018.09.08"]
[Round "3"]
[White "Areal, Maria Beatriz Moura"]
[Black "Carvalho, Vitor Hugo Pina Soa"]
[Result "0-1"]
[ECO "B01"]
[WhiteElo "1051"]
[BlackElo "1884"]
[PlyCount "60"]
[EventDate "2018.09.02"]
[EventType "tourn"]
[EventCountry "POR"]
[TimeControl "40/5400+30:1800+30"]

1. e4 d5 2. exd5 Nf6 3. d4 Qxd5 4. Nc3 Qd8 5. Nf3 e6 6. h3 c5 7. dxc5 Qxd1+ 8. Nxd1 Bxc5 9. Be3 Bb4+ 10. Bd2 Bxd2+ 11. Nxd2 O-O 12. Bd3 Nc6 13. a3 Rd8 14. Nf3 e5 15. Ng5 h6 16. Ne4 Nd5 17. O-O f5 18. Nec3 Nb6 19. f3 Be6 20. Re1 Kf7 21. Nb5 Rac8 22. Nf2 Nd5 23. a4 Ndb4 24. Nc3 Kf6 25. Rac1 g5 26. Bf1 Nd4 27. Bd3 Bc4 28. Nb1 Bxd3 29. cxd3 Rxc1 30. Rxc1 Ne2+ 0-1

[Event "POR-ch Amateur 2018"]
[Site "Braga"]
[Date "2018.09.09"]
[Round "3"]
[White "Pontes, Tiago Jose Freixo"]
[Black "Silva, Pedro Filipe Carval"]
[Result "0-1"]
[ECO "B73"]
[WhiteElo "1040"]
[BlackElo "1361"]
[PlyCount "70"]
[EventDate "2018.09.02"]
[EventType "tourn"]
[EventCountry "POR"]
[TimeControl "40/5400+30:1800+30"]

1. e4 c5 2. Nf3 Nc6 3. d4 cxd4 4. Nxd4 g6 5. Be2 Bg7 6. Be3 Nf6 7. Nc3 d6 8. O-O O-O 9. Qd2 Re8 10. Bb5 Bd7 11. Rad1 Qc7 12. Rfe1 a6 13. Ba4 b5 14. Bb3 Na5 15. Bh6 Bh8 16. Qe3 Nxb3 17. Nxb3 Ng4 18. Qg5 Nxh6 19. Qxh6 Bxc3 20. bxc3 Qxc3 21. Re3 Qxc2 22. Rc1 Qxa2 23. Rf3 Be6 24. Nd4 Rac8 25. h3 Rxc1+ 26. Qxc1 Rc8 27. Qf4 Qa1+ 28. Kh2 Qxd4 29. Qh4 Qe5+ 30. Rg3 Rc3 31. f4 Qc5 32. Qxe7 Rxg3 33. Kxg3 Kg7 34. Qg5 Qxg5+ 35. fxg5 b4 0-1